 Dungeon Crawl Stone Soup version 0.31-a0-1074-g0b22e4e0f1 (webtiles) character file.

Game seed: 16471259662022443769

2770 Jeffwins the Digger (level 9, -4/74 HPs)
             Began as a Troll Earth Elementalist on Nov 30, 2023.
             Was a Believer of Vehumet.
             Slain by an orc knight
             ... wielding a +0 battleaxe
              (18 damage)
             ... in a bailey.
             The game lasted 00:15:06 (6404 turns).

Jeffwins the Digger (Troll Earth Elementalist)      Turns: 6404, Time: 00:15:06

Health: -4/74      AC:  7    Str: 17    XL:     9   Next: 42%
Magic:  14/23      EV: 10    Int: 19    God:    Vehumet [**....]
Gold:   175        SH:  0    Dex: 12    Spells: 3/17 levels left

rFire   . .          .
                       - Unarmed
rCold   . . .        (no shield)
rNeg    . . .        c - +2 robe of the Endless Expanse {Dex+3}
rPois   .            (helmet restricted)
rElec   .            s - +0 cloak
rCorr   .            (gloves unavailable)
SInv    .            (boots unavailable)
Will    +....        (no amulet)
Stlth   ++           W - ring of magical power
HPRegen 1.12/turn    u - ring of willpower
MPRegen 0.18/turn

%: no passive effects
@: no status effects
A: large, unfitting armour, claws 3, regeneration 1, shaggy fur 1, tough skin 1,
clever 1, screaming 1
a: Renounce Religion


You were in a bailey.
You worshipped Vehumet.
Vehumet was pleased with you.
You visited 2 branches of the dungeon, and saw 8 of its levels.
You also visited: Sewer and Bailey.

You collected 431 gold pieces.
You spent 256 gold pieces at shops.


Innate Abilities, Weirdness & Mutations

You are too large for most types of armour.
You have claws for hands.
Your natural rate of healing is unusually fast.
You are covered in fur. (AC +1)
You have tough skin. (AC +1)
Your mind is acute. (Int +4, Str/Dex -1)
You occasionally shout uncontrollably at your foes.


   Skills:
 + Level 0.4 Throwing
 - Level 1.5 Dodging
 - Level 1.0 Stealth
 + Level 4.6 Unarmed Combat
 * Level 4.5 Spellcasting
 * Level 5.0 Conjurations
 + Level 1.4 Transmutations
 * Level 6.7 Earth Magic


You had 3 spell levels left.
You knew the following spells:

 Your Spells              Type           Power      Damage    Failure   Level
p - Petrify               Tmut/Erth      19%        N/A       24%         4
v - Poisonous Vapours     Pois/Air       8%         N/A       21%         2
x - Stone Arrow           Conj/Erth      52%        3d10      3%          3
z - Sandblast             Erth           60%        2d14      1%          1
X - Brom's Barrelling Bo  Conj/Erth      26%        2d5       12%         4

Your spell library contained the following spells:

 Spells                   Type           Power      Damage    Failure   Level
 Passwall                 Tmut/Erth      15%        N/A       3%          2
 Apportation              Tloc           8%         N/A       13%         1
 Necrotise                Necr           16%        1d4       13%         1
 Summon Small Mammal      Summ           16%        N/A       13%         1
 Call Canine Familiar     Summ           4%         N/A       36%         3
 Sigil of Binding         Hex            4%         N/A       36%         3
 Leda's Liquefaction      Hex/Erth       8%         N/A       32%         4
 Dimensional Bullseye     Hex/Tloc       2%         N/A       78%         4

Inventory:

Missiles
 j - 15 poisoned darts
 m - a throwing net {=f}
 G - 8 boomerangs
Armour
 c - the +2 robe of the Endless Expanse (worn) {Dex+3}
   (You found it on level 5 of the Dungeon)

   Dex+3:     It affects your dexterity (+3).
 s - a +0 cloak (worn)
Jewellery
 u - a ring of willpower (right claw)
 C - a ring of willpower
 F - a ring of fire
 H - an amulet of faith {!P}
 W - a ring of magical power (left claw)
Wands
 g - a wand of mindburst (3)
 r - a wand of polymorph (3)
 v - a wand of roots (3)
Scrolls
 e - 2 scrolls of silence {unknown}
 f - 6 scrolls of fog
 n - 3 scrolls of teleportation {unknown}
 o - 2 scrolls of blinking
 q - 2 scrolls of immolation {unknown}
 t - a scroll of vulnerability {unknown}
 w - a scroll of revelation
 x - 2 scrolls of enchant armour
 y - a scroll of torment {!r}
 z - 4 scrolls of brand weapon {unknown}
 B - a scroll of summoning {unknown}
 D - a scroll of poison {!r}
 E - a scroll of enchant weapon {unknown}
Potions
 a - a potion of heal wounds {@q2}
 b - a potion of magic
 d - 2 potions of enlightenment
 h - 5 potions of curing {@q1}
 i - a potion of mutation {!q}
 k - 2 potions of lignification {!q}
 l - a potion of degeneration {unknown}
 p - a potion of resistance
 A - a potion of invisibility {unknown}
 I - 3 potions of haste {@q3}
 J - a potion of brilliance {unknown}

Dungeon Overview and Level Annotations

Branches:
Dungeon (7/15)             Temple (1/1) D:4           Sewer (visited)
 Bailey (1/1)

Altars:
Ashenzari
Cheibriados
Dithmenos
Fedhas
Gozag
Hepliaklqana
Makhleb
Nemelex Xobeh
Okawaru
Qazlal
Ru
Sif Muna
Trog
Uskayaw
Vehumet
Wu Jian
Xom
Zin
The Shining One

Shops:
D:7 *(

Annotations:
D:4 2 transporters Bailey 3 runed translucent doors

▒...+~~........o▒.))..'......
▒...+~~....∩....▒.....'...∩.∩
▒...+~~.........▒.....'......
▒...▒▒~8.8...8.8▒▒....▒.....♣
▒▒....▒~........!~▒....▒▒....♣
▒▒.....▒o~▒~.....[~▒.....▒▒...♣
▒▒......▒▒▒▒~~~▒~~~▒▒......▒▒≈≈♣
▒...8...)..▒▒▒▒▒▒▒▒▒........▒≈≈♣
▒..........'...@o'....8..8 ▒≈≈♣
▒..........▒~~~~~▒........
▒▒..8..8...▒~~~~~▒........
▒▒.......▒▒~~~~~▒▒...8...
▒▒.....▒▒.......▒▒.....▒
▒▒...▒▒.........▒▒...▒▒
▒▒▒▒▒♣♣♣.....♣♣♣ ▒▒▒▒ ♣♣♣∩♣♣♣
♣♣♣


You could see an orc knight (rooted).


Message History

Press: ? - help, Shift-Dir - straight line, f/p - orc knight
Aim: an orc knight, wielding a +0 battleaxe and wearing a +0 scale mail (heavily wounded)
The roots erupt in riotous growth!
Roots grab the orc knight.
The grasping roots constrict the orc knight.
The orc knight hits you with a +0 battleaxe.
* * * LOW HITPOINT WARNING * * *
The grasping roots constrict the orc knight, but do no damage.
The roots release their grip on the orc knight.
Aiming: Fastroot
Press: ? - help, Shift-Dir - straight line, f/p - orc knight
Aim: an orc knight, wielding a +0 battleaxe and wearing a +0 scale mail (heavily wounded)
The roots erupt in riotous growth!
Roots grab the orc knight.
The grasping roots constrict the orc knight, but do no damage.
The orc knight hits you with a +0 battleaxe!
* * * LOW HITPOINT WARNING * * *
The grasping roots constrict the orc knight.
The roots release their grip on the orc knight.
Okay, then.
Okay, then.
Okay, then.
Aiming: Fastroot
Press: ? - help, Shift-Dir - straight line, f/p - orc knight
Aim: an orc knight, wielding a +0 battleaxe and wearing a +0 scale mail (heavily wounded)
The roots erupt in riotous growth!
Roots grab the orc knight.
The grasping roots constrict the orc knight.
The orc knight hits you with a +0 battleaxe!!
You die...

Skill      XL: |  1  2  3  4  5  6  7  8  9 |
---------------+----------------------------+-----
Earth Magic    | 3 4 5 6 |  6.7
Conjurations   | 1 2 3 4 5 |  5.0
Unarmed Combat | 1 2 3 4 |  4.6
Spellcasting   | 2 3 4 |  4.5
Transmutations | 1 |  1.4
Throwing       | |  0.4
Dodging        | |  1.5
Stealth        | |  1.0

Action                     |  1- 3 |  4- 6 |  7- 9 || total
---------------------------+-------+-------+-------++-------
  Melee: Unarmed           |   114 |   161 |   243 ||   518
         Punch             |     2 |     1 |     3 ||     6
   Cast: Stone Arrow       |       |     7 |    76 ||    83
         Sandblast         |       |       |     1 ||     1
         Brom's Barrelling |       |       |     2 ||     2
         Petrify           |       |       |     1 ||     1
  Evoke: Wand              |       |       |     8 ||     8
    Use: Potion            |       |       |     5 ||     5
         Scroll            |       |       |     6 ||     6
   Stab: Sleeping          |     1 |     3 |     5 ||     9
         Petrified         |       |       |    10 ||    10
 Armour: Robe              |    62 |   136 |   202 ||   400
         Skin              |       |       |    15 ||    15
  Dodge: Dodged            |    54 |    88 |   135 ||   277

Levels and vault maps discovered:
D:1:      onia_arrival_zoo_common, layout_loops_ring
D:2:      layout_basic, minivault_5, minmay_between, uniq_robin
D:3:      layout_loops_ring, dreamdust_ecumenical_altar_drowned_temple,
          uniq_sigmund, uniq_terence
D:4:      gammafunk_cloud_chamber, layout_basic, minmay_temple_entry_slanted,
          uniq_crazy_yiuf_cottage
D:5:      layout_gridville, kennysheep_mini_moat, cheibrodos_sewer_entry_drain,
          uniq_prince_ribbit1, uniq_grinder, uniq_edmund
D:6:      layout_loops_corners, minmay_a_box_with_orc_wizards_in_it
D:7:      layout_basic, enter_bailey_2, serial_shops, shop,
          nicolae_inconvenience_store, shop_fountains, shop, shop
Temple:   nicolae_temple_no_exploring_needed
Bailey:   bailey_axe_bossmonster_kennysheep, bailey

Notes
Turn   | Place    | Note
-------+----------+-------------------------------------------
     0 | D:1      | Jeffwins the Troll Earth Elementalist began the quest for
                  | the Orb.
     0 | D:1      | Reached XP level 1. HP: 16/16 MP: 1/1
     6 | D:1      | Noticed a black bear
     6 | D:1      | Noticed a killer bee
     6 | D:1      | Noticed a hound
     6 | D:1      | Noticed a lindwurm
     6 | D:1      | Noticed a swamp drake
    70 | D:1      | Reached XP level 2. HP: 24/24 MP: 3/3
   107 | D:1      | Reached skill level 3 in Earth Magic
   620 | D:2      | Reached XP level 3. HP: 31/31 MP: 4/4
   632 | D:2      | Noticed Robin
   651 | D:2      | Reached skill level 1 in Conjurations
   664 | D:2      | Killed Robin
   665 | D:2      | Reached skill level 1 in Unarmed Combat
   698 | D:2      | Reached XP level 4. HP: 39/39 MP: 5/5
   851 | D:2      | Learned a level 3 spell: Stone Arrow
  1156 | D:2      | Reached skill level 2 in Spellcasting
  1422 | D:3      | Found a faded altar of an unknown god.
  1503 | D:3      | Noticed an ice beast
  1583 | D:3      | HP: 3/39 [ice beast (8)]
  1585 | D:3      | Killed an ice beast
  1586 | D:3      | Reached skill level 2 in Conjurations
  1586 | D:3      | Reached XP level 5. HP: 6/45 MP: 3/7
  1816 | D:3      | Noticed Terence
  1826 | D:3      | Killed Terence
  1827 | D:3      | Reached skill level 2 in Unarmed Combat
  1827 | D:3      | Reached XP level 6. HP: 37/53 MP: 8/8
  1867 | D:3      | Reached skill level 4 in Earth Magic
  1913 | D:3      | Noticed Sigmund
  1939 | D:3      | Killed Sigmund
  2052 | D:3      | Reached XP level 7. HP: 59/59 MP: 10/10
  2349 | D:4      | Found a transporter.
  2586 | D:4      | Found a runed translucent door.
  2587 | D:4      | Noticed Crazy Yiuf
  2726 | D:4      | Found a transporter.
  2733 | D:4      | Noticed a fire bat
  2891 | D:4      | Found a staircase to the Ecumenical Temple.
  2910 | Temple   | Entered the Ecumenical Temple
  2917 | Temple   | Became a worshipper of Vehumet
  3113 | D:4      | Killed Crazy Yiuf
  3114 | D:4      | Reached skill level 3 in Conjurations
  3201 | D:5      | Entered Level 5 of the Dungeon
  3201 | D:5      | Noticed Prince Ribbit
  3201 | D:5      | Noticed Edmund
  3243 | D:5      | Reached skill level 3 in Spellcasting
  3289 | D:4      | Gained mutation: You occasionally shout uncontrollably at
                  | your foes. [potion of mutation]
  3289 | D:4      | Gained mutation: Your mind is acute. (Int +4, Str/Dex -1)
                  | [potion of mutation]
  3305 | D:4      | Killed Edmund
  3306 | D:4      | Reached skill level 3 in Unarmed Combat
  3306 | D:4      | Reached skill level 5 in Earth Magic
  3440 | D:5      | Killed Prince Ribbit
  3441 | D:5      | Reached XP level 8. HP: 14/67 MP: 0/12
  3582 | D:5      | Found a glowing drain.
  3591 | D:5      | Identified the +2 robe of the Endless Expanse {Dex+3}
  3613 | Sewer    | Entered a sewer
  3708 | Sewer    | Reached * piety under Vehumet
  3708 | Sewer    | Offered knowledge of Shock by Vehumet.
  3748 | Sewer    | Found a white marble altar of Elyvilon.
  4072 | D:5      | Found a broken altar of Ashenzari.
  4099 | D:5      | Noticed Grinder
  4105 | D:5      | Paralysed by Grinder for 5 turns
  4112 | D:5      | Killed Grinder
  4113 | D:5      | Reached skill level 4 in Conjurations
  4231 | D:5      | Reached skill level 6 in Earth Magic
  4358 | D:5      | Reached skill level 4 in Unarmed Combat
  4358 | D:5      | Reached skill level 4 in Spellcasting
  4568 | D:5      | Identified the +1 chain mail "Zanupel" {Will++ Regen+
                  | Str+3}
  4699 | D:6      | Learned a level 4 spell: Brom's Barrelling Boulder
  4704 | D:6      | Learned a level 4 spell: Petrify
  4835 | D:6      | Reached XP level 9. HP: 74/74 MP: 14/14
  5402 | D:6      | Reached skill level 1 in Transmutations
  5743 | D:7      | Found Maid Lai's Assorted Antiques.
  5748 | D:7      | Bought an ivory wand for 128 gold pieces
  5748 | D:7      | Bought a scroll labelled GOKICL JESTRO for 32 gold pieces
  5748 | D:7      | Bought 2 scrolls labelled YCSYOL MAHA for 64 gold pieces
  5748 | D:7      | Bought a scroll labelled GOKICL JESTRO for 32 gold pieces
  5797 | D:7      | Found Paijus's Weapon Shop.
  5858 | D:7      | Offered knowledge of Poisonous Vapours by Vehumet.
  5878 | D:7      | Reached ** piety under Vehumet
  5907 | D:7      | Learned a level 2 spell: Poisonous Vapours
  6046 | D:7      | Found a flagged portal.
  6056 | Bailey   | Entered a bailey
  6062 | Bailey   | Noticed an orc warlord
  6136 | Bailey   | Reached skill level 5 in Conjurations
  6259 | Bailey   | Found a runed translucent gate.
  6262 | Bailey   | Found a runed translucent gate.
  6287 | Bailey   | Found a runed translucent gate.
  6379 | Bailey   | Noticed an orc knight
  6404 | Bailey   | Slain by an orc knight

Vanquished Creatures
  Prince Ribbit (D:5)
  Grinder (D:5)
  Sigmund (D:3)
  Edmund (D:4)
  A water moccasin (D:6)
  4 orc warriors
  An ice beast (D:3)
  3 black bears (D:5)
  4 ogres
  2 kobold brigands
  A bullfrog (D:7)
  A howler monkey (D:3)
  2 jellies (D:4)
  Crazy Yiuf (D:4)
  An orc priest (D:7)
  An iguana (D:4)
  Terence (D:3)
  6 orc wizards
  Robin (D:2)
  7 gnolls
  8 adders
  3 river rats (Sewer)
  A shadow imp (D:6)
  A white imp (D:5)
  2 ufetubi (D:5)
  4 worms
  2 dart slugs (D:3)
  25 orcs
  2 bats
  9 endoplasms
  2 giant cockroaches
  22 goblins
  9 hobgoblins
  5 jackals
  6 quokkas
  7 ball pythons
  6 frilled lizards
  22 kobolds
  10 rats
  A spectral kobold (D:3)
188 creatures vanquished.

Vanquished Creatures (collateral kills)
  2 boulders (D:7)
2 creatures vanquished.

Grand Total: 190 creatures vanquished

Table legend: (Time is in decaauts)
 A = Elapsed time spent in this place.
 B = Non-inter-level travel time spent in this place.
 C = Inter-level travel time spent in this place.
 D = Time resting spent in this place.
 E = Time spent auto-exploring this place.
 F = Levels seen in this place.
 G = Mean time per level.
                   A        B        C        D        E       F      G
               +--------+--------+--------+--------+--------+-----+--------+
         Total |   6360 |   6122 |    238 |    281 |   4379 |  10 |  636.0 |
       Dungeon |   5826 |   5594 |    232 |    186 |   4147 |   7 |  832.3 |
        Temple |     14 |      8 |      6 |      0 |      0 |   1 |   14.0 |
         Sewer |    174 |    174 |      0 |      0 |     98 |   1 |  174.0 |
        Bailey |    344 |    344 |      0 |     95 |    134 |   1 |  344.0 |
               +--------+--------+--------+--------+--------+-----+--------+

Top non-repeatable levels by time:
     D:5: 1084 daAuts
     D:4: 1034 daAuts
     D:6: 1029 daAuts
     D:3: 951 daAuts
     D:2: 782 daAuts
     D:1: 605 daAuts
  Bailey: 344 daAuts
     D:7: 339 daAuts
   Sewer: 174 daAuts
  Temple: 14 daAuts

Table legend:
 A = Non-vault XP
 B = Vault XP
 C = Vault XP percentage of total XP
 D = Non-vault monster count
 E = Vault monster count
 F = Vault count percentage of total count
                 A         B        C        D         E       F
            +---------+---------+-------+---------+---------+-------
      Total |    2178 |    1780 |  45.0 |     129 |      59 |  31.4
            +---------+---------+-------+---------+---------+-------
        D:1 |      39 |       0 |   0.0 |      25 |       0 |   0.0
        D:2 |      73 |      47 |  39.2 |      18 |      18 |  50.0
        D:3 |     332 |     263 |  44.2 |      30 |       3 |   9.1
        D:4 |     141 |     207 |  59.5 |      14 |       2 |  12.5
        D:5 |     845 |     545 |  39.2 |      18 |       4 |  18.2
        D:6 |     325 |     140 |  30.1 |      12 |       4 |  25.0
        D:7 |     423 |       0 |   0.0 |      12 |       0 |   0.0
      Sewer |       0 |     147 | 100.0 |       0 |      15 | 100.0
     Bailey |       0 |     431 | 100.0 |       0 |      13 | 100.0
            +---------+---------+-------+---------+---------+-------
